 Dungeon Crawl Stone Soup version 0.24-a0-584-g9d6b971ae4 (webtiles) character file.

Game seed: 3936518832583354176, levelgen mode: deterministic

436 Engwar the Thaumaturge (level 7, -2/56 HPs)
             Began as a Gnoll Wanderer on Sept 2, 2019.
             Slain by an ogre
             ... wielding a +0 giant club
              (16 damage)
             ... on level 3 of the Dungeon.
             The game lasted 00:09:34 (3421 turns).

Engwar the Thaumaturge (Gnoll Wanderer)             Turns: 3421, Time: 00:09:34

Health: -2/56      AC:  9    Str: 14    XL:     7   Next: 1%
Magic:  20/20      EV:  6    Int: 19    God:
Gold:   115        SH:  0    Dex: 12    Spells: 18/25 levels left

rFire    . . .     SeeInvis .   b - +0 war axe
rCold    + . .     Gourm    .   (no shield)
rNeg     . . .     Faith    .   l - +0 chain mail {rC+}
rPois    .         Spirit   .   (no helmet)
rElec    .         Reflect  .   o - +0 cloak
rCorr    .         Harm     .   (no gloves)
MR       .....                  (no boots)
Stlth    ..........             (no amulet)
HPRegen  0.18/turn              (no ring)
MPRegen  0.17/turn              (no ring)

@: no status effects
A: distributed training, fangs 1, strong nose
a: no special abilities


You were on level 3 of the Dungeon.
You were not hungry.

You visited 1 branch of the dungeon, and saw 3 of its levels.

You collected 115 gold pieces.

Inventory:

Hand Weapons
 a - a +0 hand crossbow
 b - a +0 war axe (weapon)
Missiles
 c - 30 bolts
Armour
 l - a +0 chain mail of cold resistance (worn)
 o - a +0 cloak (worn)
Scrolls
 e - a scroll of teleportation {unknown}
 g - 2 scrolls of identify
 i - 2 scrolls of magic mapping
 m - 2 scrolls of remove curse {unknown}
 n - a scroll of fear {unknown}
 p - a scroll of enchant armour {unknown}
Potions
 d - 5 potions of curing
 h - a potion of cancellation
 j - a potion of brilliance
Comestibles
 f - 8 rations
 k - 2 chunks of flesh


   Skills:
 + Level 5.1 Fighting
 + Level 2.1 Short Blades
 + Level 2.1 Long Blades
 + Level 2.1 Axes
 + Level 2.1 Maces & Flails
 + Level 2.1 Polearms
 + Level 2.1 Staves
 + Level 2.1 Slings
 + Level 2.1 Bows
 + Level 3.4 Crossbows
 + Level 3.4 Throwing
 + Level 2.1 Armour
 + Level 2.1 Dodging
 + Level 2.1 Stealth
 + Level 3.4 Shields
 + Level 2.1 Unarmed Combat
 + Level 9.5 Spellcasting
 + Level 1.7 Conjurations
 + Level 1.7 Hexes
 + Level 1.7 Charms
 + Level 1.7 Summonings
 + Level 2.7 Necromancy
 + Level 1.7 Translocations
 + Level 1.7 Transmutations
 + Level 1.7 Fire Magic
 + Level 1.7 Ice Magic
 + Level 1.7 Air Magic
 + Level 1.7 Earth Magic
 + Level 1.7 Poison Magic
 + Level 2.4 Invocations
 + Level 2.1 Evocations


You had 18 spell levels left.
You knew the following spells:

 Your Spells              Type           Power        Failure   Level  Hunger
a - Magic Dart            Conj           ###.         69%         1    None
b - Blink                 Tloc           N/A          83%         2    None
c - Call Imp              Summ           ###.....     83%         2    None
d - Slow                  Hex            ###.....     83%         2    None

Your spell library contained the following spells:

 Spells                   Type           Power        Failure   Level  Hunger
 Conjure Flame            Conj/Fire      ###.....     96%         3    None
 Mephitic Cloud           Conj/Pois/Air  ###.....     96%         3    None


Dungeon Overview and Level Annotations

Branches:
Dungeon (3/15)

Altars:


Innate Abilities, Weirdness & Mutations

Your experience applies equally to all skills.
You have very sharp teeth.
Your uncanny sense of smell can sniff out nearby items.


Message History

The goblin shoots a stone.
The stone hits you but does no damage.
A goblin comes into view. It is wielding a +0 dagger.
Your chain mail prevents you from hitting the ogre.
The goblin shouts!
Your bite misses the ogre. The ogre hits you with a +0 giant club!
You barely miss the ogre. You bite the ogre.
The ogre is lightly wounded.
The ogre hits you with a +0 giant club!
You barely miss the ogre.
The ogre is lightly wounded.
The ogre closely misses you.
Unknown command.
You hit the ogre but do no damage.
The ogre is lightly wounded.
The ogre hits you with a +0 giant club! x2
* * * LOW HITPOINT WARNING * * *
You slash the ogre!
The ogre is heavily wounded.
The ogre hits you with a +0 giant club!
You die... # ###.......##### #.#####.# ##### ##..####.....# #....##.# )(..#####......#.....# #.##.##.# ...(.)(.....##.......# #.##.##.# ....####)...##.#.....# #.......# ##### #..#.##.#.....# ####.#### # #.......gg###'# #.# # #.##..#.#O# gg#

#.# ## #.......#@# g.# #.#
.## ##.#...##.##∆Og### #.#
#.# #####.#...<...#####.# #.#
.## #.................#.###.#
#####.###..##.#.#...........#
....#.###..>..#.#.......#####
.....)..##.####.#.......#
..#........# #.##......#
..#........# #.......###


You could see an ogre and 2 goblins.

Vanquished Creatures
  A necrophage (D:1)
  3 orc wizards (D:3)
  2 orc priests (D:3)
  An iguana (D:2)
  4 adders
  3 gnolls (D:3)
  5 worms
  5 dart slugs
  2 leopard geckos
  7 orcs (D:3)
  7 bats
  4 giant cockroaches
  13 goblins
  12 hobgoblins
  3 jackals (D:3)
  2 quokkas (D:3)
  A ball python (D:3)
  4 frilled lizards
  A kobold (D:1)
  7 rats
87 creatures vanquished.

Notes
Turn   | Place    | Note
-------+----------+-------------------------------------------
     0 | D:1      | Reached skill level 9 in Spellcasting
     0 | D:1      | Engwar the Gnoll Wanderer began the quest for the Orb.
     0 | D:1      | Engwar set off with the following items: a +0 hand
                  | crossbow, 22 bolts, a potion of curing, a +0 robe, a
                  | ration; and the following spell memorised: Magic Dart; and
                  | the following spells available to memorise: Blink, Call
                  | Imp, Slow, Conjure Flame, Mephitic Cloud
     0 | D:1      | Reached XP level 1. HP: 20/20 MP: 10/10
   432 | D:1      | Reached XP level 2. HP: 26/26 MP: 12/12
   436 | D:1      | Learned a level 2 spell: Blink
   439 | D:1      | Learned a level 2 spell: Call Imp
   442 | D:1      | Learned a level 2 spell: Slow
  1096 | D:2      | Reached skill level 1 in Invocations
  1096 | D:2      | Reached XP level 3. HP: 31/31 MP: 13/13
  1159 | D:2      | Reached skill level 1 in Short Blades
  1159 | D:2      | Reached skill level 1 in Long Blades
  1159 | D:2      | Reached skill level 1 in Axes
  1159 | D:2      | Reached skill level 1 in Maces & Flails
  1159 | D:2      | Reached skill level 1 in Polearms
  1159 | D:2      | Reached skill level 1 in Staves
  1159 | D:2      | Reached skill level 1 in Slings
  1159 | D:2      | Reached skill level 1 in Bows
  1159 | D:2      | Reached skill level 1 in Armour
  1159 | D:2      | Reached skill level 1 in Dodging
  1159 | D:2      | Reached skill level 1 in Stealth
  1159 | D:2      | Reached skill level 1 in Unarmed Combat
  1159 | D:2      | Reached skill level 1 in Evocations
  1229 | D:2      | Noticed a necrophage
  1231 | D:2      | Reached XP level 4. HP: 38/38 MP: 15/15
  1331 | D:1      | Killed a necrophage
  1331 | D:1      | Reached skill level 1 in Conjurations
  1331 | D:1      | Reached skill level 1 in Hexes
  1331 | D:1      | Reached skill level 1 in Charms
  1331 | D:1      | Reached skill level 1 in Summonings
  1331 | D:1      | Reached skill level 1 in Translocations
  1331 | D:1      | Reached skill level 1 in Transmutations
  1331 | D:1      | Reached skill level 1 in Fire Magic
  1331 | D:1      | Reached skill level 1 in Ice Magic
  1331 | D:1      | Reached skill level 1 in Air Magic
  1331 | D:1      | Reached skill level 1 in Earth Magic
  1331 | D:1      | Reached skill level 1 in Poison Magic
  1331 | D:1      | Reached XP level 5. HP: 23/43 MP: 16/16
  2237 | D:3      | Reached XP level 6. HP: 45/50 MP: 18/18
  2648 | D:3      | Reached skill level 5 in Fighting
  3264 | D:3      | Reached XP level 7. HP: 56/56 MP: 20/20
  3421 | D:3      | Slain by an ogre

Levels and vault maps discovered:
D:1:      dpeg_arrival_round_c, layout_loops_corners, minmay_splitting_lines,
          chequers_decorated_corner
D:2:      layout_basic
D:3:      layout_loops_cross, first_ration, minmay_ogre_servants

Skill      XL: |  1  2  3  4  5  6 |
---------------+-------------------+-----
Spellcasting   | |  9.5
Necromancy     | 2 |  2.7
Invocations    | 1 2 |  2.4
Short Blades   | 1 2 |  2.1
Long Blades    | 1 2 |  2.1
Axes           | 1 2 |  2.1
Maces & Flails | 1 2 |  2.1
Polearms       | 1 2 |  2.1
Staves         | 1 2 |  2.1
Slings         | 1 2 |  2.1
Bows           | 1 2 |  2.1
Armour         | 1 2 |  2.1
Dodging        | 1 2 |  2.1
Stealth        | 1 2 |  2.1
Unarmed Combat | 1 2 |  2.1
Evocations     | 1 2 |  2.1
Conjurations   | 1 |  1.7
Hexes          | 1 |  1.7
Charms         | 1 |  1.7
Summonings     | 1 |  1.7
Translocations | 1 |  1.7
Transmutations | 1 |  1.7
Fire Magic     | 1 |  1.7
Ice Magic      | 1 |  1.7
Air Magic      | 1 |  1.7
Earth Magic    | 1 |  1.7
Poison Magic   | 1 |  1.7
Crossbows      | 3 |  3.4
Throwing       | 3 |  3.4
Shields        | 3 |  3.4
Fighting       | 5 |  5.1

Action                   |  1- 3 |  4- 6 |  7- 9 || total
-------------------------+-------+-------+-------++-------
Melee: Unarmed           |     5 |       |       ||     5
       Club              |     8 |    22 |       ||    30
       Bite              |       |    12 |     2 ||    14
       Short sword       |       |    36 |       ||    36
       War axe           |       |    71 |    14 ||    85
       Punch             |       |     1 |       ||     1
 Fire: Hand crossbow     |    47 |   126 |       ||   173
  Use: Scroll            |       |     4 |       ||     4
       Potion            |       |     3 |       ||     3
  Eat: Chunk             |     1 |     7 |       ||     8
Armor: Robe              |     3 |    15 |       ||    18
       Skin              |       |    16 |       ||    16
       Chain mail        |       |    41 |     5 ||    46
Dodge: Dodged            |    10 |    84 |     5 ||    99

Table legend:
 A = Non-vault XP
 B = Vault XP
 C = Vault XP percentage of total XP
 D = Non-vault monster count
 E = Vault monster count
 F = Vault count percentage of total count
                 A         B        C        D         E       F
            +---------+---------+-------+---------+---------+-------
      Total |     617 |       6 |   1.0 |      84 |       3 |   3.4
            +---------+---------+-------+---------+---------+-------
        D:1 |     151 |       0 |   0.0 |      14 |       0 |   0.0
        D:2 |     130 |       0 |   0.0 |      27 |       0 |   0.0
        D:3 |     336 |       6 |   1.8 |      43 |       3 |   6.5
            +---------+---------+-------+---------+---------+-------
